 Dungeon Crawl Stone Soup version 0.20-a0-891-ga2611f4 (webtiles) character file.

32 Patate the Sneak (level 3, 0/16 HPs)
             Began as a Spriggan Enchanter on Mar 16, 2017.
             Slain by a bat (1 damage)
             ... on level 1 of the Dungeon.
             The game lasted 00:03:01 (1307 turns).

Patate the Sneak (Spriggan Enchanter)               Turns: 1307, Time: 00:03:02

Health: 0/16       AC:  2    Str: 10    XL:     3   Next: 8%
Magic:  4/8        EV: 19    Int: 16    God:
Gold:   26         SH:  0    Dex: 16    Spells: 4/7 levels left

rFire    . . .     SeeInvis +   a - +1 dagger
rCold    . . .     Gourm    .   b - +0 robe
rNeg     . . .     Faith    .   (shield restricted)
rPois    .         Spirit   .   (helmet restricted)
rElec    .         Reflect  .   (no cloak)
rCorr    .         Harm     .   (gloves unavailable)
MR       .....                  (boots unavailable)
Stlth    +++.......             (no amulet)
Regen    0.1/turn               (no ring)
MPRegen  0.2/turn               (no ring)

@: mighty, very quick
A: unfitting armour, see invisible, herbivore 3, speed 3, slow metabolism 2
a: no special abilities


You were on level 1 of the Dungeon.
You were not hungry.

You visited 1 branch of the dungeon, and saw 1 of its levels.

You collected 26 gold pieces.

Inventory:

Hand Weapons
 a - a +1 dagger (weapon)
Armour
 b - a +0 robe (worn)
Jewellery
 f - a +3 ring of strength {unknown}
Scrolls
 e - a scroll of recharging {unknown}
 g - a scroll of random uselessness {unknown}
 h - a scroll of teleportation {unknown}
 i - a scroll of identify {unknown}
 j - a scroll of enchant weapon {unknown}
 k - a scroll of magic mapping {unknown}
Books
 c - a book of Maledictions

   Spells                             Type                      Level
   a - Corona                         Hexes                        1
   b - Ensorcelled Hibernation        Hexes/Ice                    2
   c - Confuse                        Hexes                        3
   d - Tukima's Dance                 Hexes                        3
   e - Dazzling Spray                 Conjuration/Hexes            3
Comestibles
 d - 2 bread rations


   Skills:
 - Level 1.1 Short Blades
 + Level 3.6 Dodging
 * Level 5.6 Stealth
 - Level 2.7 Spellcasting
 - Level 4.0 Hexes


You had 4 spell levels left.
You knew the following spells:

 Your Spells              Type           Power        Failure   Level  Hunger
a - Corona                Hex            ###....      4%          1    #......
b - Ensorcelled Hibernat  Hex/Ice        #.....       14%         2    ##.....


Dungeon Overview and Level Annotations

Branches:
Dungeon (1/15)

Altars:


Innate Abilities, Weirdness & Mutations

You are very small and have problems with some larger weapons.
You are too small for most types of armour.
You have supernaturally acute eyesight. (SInv)
You are a herbivore.
You cover ground extremely quickly.
You need consume almost no food.


Message History

You hit the hobgoblin.
The hobgoblin is heavily wounded.
The bat barely misses you. The hobgoblin misses you.
A jackal comes into view.
The jackal barks!
You hit the hobgoblin but do no damage.
The hobgoblin is heavily wounded.
The bat completely misses you. The hobgoblin hits you with a dagger.
You hit the hobgoblin.
The hobgoblin is almost dead.
The bat hits you. The hobgoblin hits you with a dagger.
* * * LOW HITPOINT WARNING * * *
It was a potion of might.
You feel very mighty all of a sudden. The bat hits you but does no damage.
The hobgoblin closely misses you.
You hit the hobgoblin.
You kill the hobgoblin!
The bat misses you.
You barely miss the bat. The bat hits you.
You die...

.......# #....(.# .......#
#......# ......>## #......#
........# ##.########
#######.# #........#
###.###########........#
####......................#
#.....#.##########.#.....##
#.....#.....# #@b..'.....#
#.......###.# #h##.#.....#
+........##.###h##.#.....#
#...(....##....h##.#######
#.....................g.
##.......#.######'#'####.
.......#.#..# #.......#
...##....# .# #.......#
...####### #.......'...


You could see 3 jackals and a bat.

Vanquished Creatures
  An ooze (D:1)
  A dart slug (D:1)
  2 leopard geckos (D:1)
  A giant cockroach (D:1)
  A goblin (D:1)
  2 hobgoblins (D:1)
  4 jackals (D:1)
  4 kobolds (D:1)
  6 rats (D:1)
22 creatures vanquished.

Notes
Turn   | Place    | Note
-------+----------+-------------------------------------------
     0 | D:1      | Patate the Spriggan Enchanter began the quest for the Orb.
     0 | D:1      | Reached XP level 1. HP: 9/9 MP: 5/5
   463 | D:1      | Reached XP level 2. HP: 11/13 MP: 6/6
   472 | D:1      | Learned a level 2 spell: Ensorcelled Hibernation
   885 | D:1      | Reached skill level 5 in Stealth
  1274 | D:1      | Reached XP level 3. HP: 16/16 MP: 5/8
  1307 | D:1      | Slain by a bat

Vault maps used:
D:1:      eino_arrival_water_star

Skill      XL: |  1  2 |
---------------+-------+-----
Hexes          | 4 |  4.0
Stealth        | 5 |  5.6
Short Blades   | |  1.1
Dodging        | |  3.6
Spellcasting   | |  2.7

Action                   || total
-------------------------++-------
Melee: Dagger            ||    77
 Cast: Ensorcelled Hiber ||     7
       Corona            ||     1
  Use: Potion            ||     1
 Stab: Sleeping          ||     6
Armor: Robe              ||    15
Dodge: Dodged            ||    70
